 Dungeon Crawl Stone Soup version 0.30-a0-778-g2ef04afb54 (webtiles) character file.

Game seed: 16645649190633670031

117254 Pooter the Severer (level 16, -4/147 HPs)
             Began as a Minotaur Berserker on Feb 15, 2023.
             Was an Elder of Trog.
             Slain by a quicksilver ooze (8 damage)
             ... on level 1 of the Pits of Slime on Feb 16, 2023.
             The game lasted 02:57:31 (33272 turns).

Pooter the Severer (Minotaur Berserker)            Turns: 33272, Time: 02:57:32

Health: -4/147     AC: 31    Str: 30    XL:     16   Next: 22%
Magic:  0/15       EV:  8    Int: -1 (6) God:    Trog [****..]
Gold:   1488       SH:  0    Dex: 19    Spells: 15/15 levels left

rFire   . . .      SeeInvis +    a - +4 battleaxe (flame)
rCold   + . .      Faith    .    (shield currently unavailable)
rNeg    . . .      Spirit   +    n - +3 crystal plate armour
rPois   +          Reflect  .    (helmet restricted)
rElec   .          Harm     .    R - +0 cloak {rPois}
rCorr   +          Rampage  .    j - +0 pair of gloves
Will    .....                    N - +0 pair of boots of Yredelemnul's Delight {Contam rC+ Str+4 Dex+3} Stlth
                                 G - amulet of guardian spirit
HPRegen 0.44/turn                C - ring of resist corrosion
MPRegen 0.14/turn                m - ring "Sipt" {Fly Will- Dex+4 SInv}

@: confused, engulfed (cannot breathe), on berserk cooldown, flying, slowed,
lost intelligence, studying Throwing, unable to read, very slow
A: horns 2, retaliatory headbutt
a: Renounce Religion, Berserk, Trog's Hand, Brothers in Arms


You were on level 1 of the Pits of Slime.
You worshipped Trog.
Trog was greatly pleased with you.
You visited 4 branches of the dungeon, and saw 23 of its levels.
You also visited: Bailey.

You collected 2344 gold pieces.
You spent 856 gold pieces at shops.

Inventory:

Hand Weapons
 a - a +4 battleaxe of flaming (weapon)
   (You took it off Rupert on level 3 of the Lair of Beasts)
 b - a +0 triple crossbow
   (You bought it in a shop on level 2 of the Orcish Mines)
 K - the +5 glaive of the Guard {elec, spectral, AC+5}
   (You found it on level 12 of the Dungeon)

   AC:        It affects your AC (+5).
 M - a +3 battleaxe
   (You took it off a wight on level 7 of the Dungeon)
 T - a +1 arbalest of electrocution
   (You found it on level 7 of the Dungeon)
 W - the +8 mace of the Distant Future {venom, rPois Dex+2}
   (You found it on level 12 of the Dungeon)

   Dex:       It affects your dexterity (+2).
   rPois:     It protects you from poison.
Missiles
 d - 24 boomerangs (quivered)
 v - 3 boomerangs of dispersal {!f}
 E - 22 poisoned darts
 O - 5 javelins
 V - 3 curare-tipped darts
Armour
 j - a +0 pair of gloves (worn)
   (You found it on level 8 of the Dungeon)
 n - a +3 crystal plate armour (worn)
   (You found it on level 7 of the Dungeon)
 N - the +0 pair of boots of Yredelemnul's Delight (worn) {Contam rC+ Str+4 Dex+3}
   (You acquired it on level 9 of the Dungeon)

   Str:       It affects your strength (+4).
   Dex:       It affects your dexterity (+3).
   rC:        It protects you from cold.
   Contam:    It causes magical contamination when unequipped.
 R - a +0 cloak of poison resistance (worn)
   (You found it on level 5 of the Lair of Beasts)
Jewellery
 m - the ring "Sipt" (right hand) {Fly Will- Dex+4 SInv}
   (You found it on level 4 of the Lair of Beasts)

   [ring of flight]

   Dex:       It affects your dexterity (+4).
   SInv:      It lets you see invisible.
   Fly:       It grants you flight.
   Will:      It decreases your willpower.
 C - a ring of resist corrosion (left hand)
   (You found it on level 9 of the Dungeon)
 F - a ring of protection from fire
   (You took it off an orc on level 8 of the Dungeon)
 G - an amulet of guardian spirit (around neck)
   (You found it on level 4 of the Dungeon)
 I - a ring of protection from cold
   (You found it on level 5 of the Lair of Beasts)
 P - a ring of poison resistance
   (You found it on level 12 of the Dungeon)
 S - a ring of see invisible
   (You took it off a kobold brigand on level 9 of the Dungeon)
 U - a ring of willpower
   (You bought it in a shop on level 1 of the Orcish Mines)
 X - a +6 ring of dexterity
   (You found it on level 12 of the Dungeon)
Wands
 f - a wand of flame (3)
   (You found it on level 4 of the Dungeon)
 s - a wand of polymorph (4)
   (You found it on level 3 of the Dungeon)
 u - a wand of paralysis (10)
   (You found it on level 4 of the Lair of Beasts)
 y - a wand of mindburst (11)
   (You took it off an orc on level 8 of the Dungeon)
 A - a wand of roots (17)
   (You found it on level 4 of the Dungeon)
 D - a wand of digging (6)
   (You found it on level 8 of the Dungeon)
Scrolls
 e - 6 scrolls of blinking
 h - 2 scrolls of fog
 i - 3 scrolls of identify {@r1}
 k - a scroll of acquirement
 o - 4 scrolls of fear
 p - 4 scrolls of noise {!r}
 t - 10 scrolls of teleportation {@r4}
 B - 2 scrolls of magic mapping
 H - 3 scrolls of summoning
 Q - a scroll of poison
 Z - 2 scrolls of immolation {!r}
Potions
 c - a potion of cancellation
 g - 8 potions of flight
 l - 2 potions of lignification {!q}
 q - a potion of haste {@q3}
 r - a potion of invisibility
 w - 3 potions of mutation {!q}
 x - 13 potions of curing {@q1}
 z - 2 potions of attraction {!q}
Miscellaneous
 L - a box of beasts (inert)
   (You found it in a bailey)
 Y - a tin of tremorstones (inert)
   (You found it on level 12 of the Dungeon)


   Skills:
 + Level 14.5 Fighting
 + Level 18.6 Axes
 * Level 17.7 Ranged Weapons
 + Level 7.5 Throwing
 * Level 14.7 Armour
 - Level 2.2 Dodging
 - Level 0.1 Stealth
 - Level 7.4 Evocations


You had 15 spell levels left.
You didn't know any spells.
Your spell library was empty.

Dungeon Overview and Level Annotations

Branches:
Dungeon (15/15)            Temple (0/1) D:6            Lair (5/5) D:11
  Swamp (0/4) Lair:3       Spider (0/4) Lair:2        Slime (1/5) Lair:5
    Orc (2/2) D:12            Elf (0/3) Orc:2        Vaults (0/5) D:13
 Depths (0/4) D:15         Bailey (visited)

Altars:
Cheibriados
Elyvilon
Gozag
Hepliaklqana
Kikubaaqudgha
Makhleb
Trog
Vehumet
Yredelemnul
Zin

Shops:
D:1 (   D:12 =   Orc:1 *   Orc:2 **:(=[!*

Annotations:
D:9 1 runed translucent door, exclusion: 4 orange crystal statues


Innate Abilities, Weirdness & Mutations

You have a pair of horns on your head.
You reflexively headbutt those who attack you in melee.


Message History

You are more confused.
The slime creature hits you but does no damage.
The slime creature closely misses you. The quicksilver ooze hits you. x2
* * * LOW HITPOINT WARNING * * *
You feel better.
* * * LOW HITPOINT WARNING * * *
Your lungs strain for air!
The quicksilver ooze hits you.
The quicksilver ooze hits you but does no damage.
The slime creature hits you.
* * * LOW HITPOINT WARNING * * *
The golden eye blinks at you.
You are confused.
The slime creature barely misses you.
The golden eye blinks!
The quicksilver ooze hits you.
* * * LOW HITPOINT WARNING * * *
The quicksilver ooze barely misses you. The golden eye blinks at you.
You resist with some effort.
The slime creature hits you but does no damage.
The golden eye blinks at you. You resist with some effort.
You slash the slime creature! You burn the slime creature.
You closely miss the golden eye. You completely miss the rockslime.
You hit the quicksilver ooze. You burn the quicksilver ooze.
You miss the golden eye. You closely miss the golden eye.
* * * LOW HITPOINT WARNING * * *
Your lungs strain for air!
The quicksilver ooze hits you.
* * * LOW HITPOINT WARNING * * *
The quicksilver ooze hits you but does no damage.
The golden eye blinks at you.
You are more confused.
The golden eye blinks at you.
You are more confused.
The quicksilver ooze hits you.
* * * LOW HITPOINT WARNING * * *
The quicksilver ooze hits you but does no damage.
The slime creature hits you!
* * * LOW HITPOINT WARNING * * *
You miss the golden eye. You slash the golden eye! You burn the golden eye.
You kill the golden eye!
Trog accepts your kill.
You hit the rockslime but do no damage. You slash the quicksilver ooze!
You burn the quicksilver ooze. You closely miss the slime creature.
* * * LOW HITPOINT WARNING * * *
Your lungs strain for air!
The quicksilver ooze hits you!
* * * LOW MAGIC WARNING * * *
You die...

###..
..#.....#####
#..........#.##
..............#
.........#.#..##
#........G#....#
..........G...##
..>.....JJ@....##
.........JJ.G...#
.................#
.........####...##
....##...# ..##
.#. #..... ## .
........
..........
##.........


You could see 2 slime creatures, a rockslime, a quicksilver ooze and 3 golden
eyes.

Vanquished Creatures
  Rupert (Lair:3)
  An acid blob (Slime:1)
  A storm dragon (D:15)
  Kirke (Lair:3)
  A fire giant (D:15)
  The ghost of Ceh Rif the Protected, an adept HuWn of Gozag (D:15)
  The ghost of Beavis the Warrior, a journeyman DjCj of Ashenzari (Orc:2)
  The ghost of Ghostmaker01 the Severer, a journeyman MiFi of Makhleb (D:10)
  Snorg (D:10)
  2 fire dragons
  An ettin (D:12)
  4 vault guards (D:13)
  10 centaur warriors
  6 hydras
  5 ogre magi
  A death knight (D:14)
  2 ice dragons (D:15)
  2 boulder beetles
  2 tengu warriors
  18 two-headed ogres
  Urug (Lair:3)
  Nergalle (Orc:2)
  Amaemon (D:9)
  2 goliath frogs (Lair:5)
  3 skysharks
  2 skeletal warriors
  An orc knight (D:15)
  22 ugly things
  3 deep elf pyromancers
  8 orc sorcerers
  5 cyclopes
  3 manticores
  A moth of wrath (D:10)
  5 black mambas
  A water nymph (shapeshifter) (D:13)
  16 elephants
  An unseen horror (D:11)
  A gargoyle (Bailey)
  A torpor snail (Lair:3)
  An orange demon (D:9)
  15 cane toads
  3 kobold demonologists
  2 efreet
  3 rime drakes
  4 komodo dragons
  2 freezing wraiths (D:14)
  A tengu conjurer (D:12)
  2 polar bears
  4 trolls
  3 tyrant leeches
  20 blink frogs
  2 dream sheep (Lair:3)
  A jumping spider (Lair:2)
  11 slime creatures
  3 shadows
  2 vampires
  55 yaks
  A wyvern (Lair:2)
  4 wraiths
  A golden eye (shapeshifter) (D:11)
  5 hogs (Lair:3)
  3 steam dragons
  A golden eye (Slime:1)
  4 basilisks
  7 vampire mosquitoes
  A redback (Lair:2)
  4 wargs
  4 acid dragons
  A swamp worm (Lair:3)
  32 water moccasins
  7 ice beasts
  20 orc warriors
  20 ogres
  13 wolves
  22 centaurs
  4 phantoms
  3 kobold brigands (D:9)
  13 bullfrogs
  A necrophage (D:8)
  3 scorpions
  14 wights
  4 killer bees
  A spectral ogre (Orc:2)
  9 vampire bats (Bailey)
  2 electric eels
  3 howler monkeys
  8 wolf zombies (Bailey)
  2 hounds
  2 jellies
  15 orc priests
  2 gnoll boudas
  5 iguanas
  32 orc wizards
  14 hell rats
  Robin (D:4)
  20 gnolls
  22 adders
  An ogre simulacrum (Orc:2)
  3 shadow imps
  2 white imps
  6 ufetubi (D:4)
  3 orc simulacra (Orc:2)
  A worm (D:2)
  6 dart slugs
  71 orcs
  4 endoplasms
  5 giant cockroaches
  14 goblins
  5 hobgoblins
  6 kobolds
  10 quokkas
  3 ball pythons
  6 bats
  6 frilled lizards
  20 orc zombies (Bailey)
  4 rats
780 creatures vanquished.

Vanquished Creatures (collateral kills)
  A death knight (D:12)
  A tengu warrior (D:12)
  An ugly thing (D:14)
  A komodo dragon (Lair:1)
  A water moccasin (Lair:1)
5 creatures vanquished.

Vanquished Creatures (others)
  An orc (D:9)
  3 demonic plants (D:4)
  12 fungi
  97 plants
113 creatures vanquished.

Grand Total: 898 creatures vanquished

Notes
Turn   | Place    | Note
-------+----------+-------------------------------------------
     0 | D:1      | Pooter the Minotaur Berserker began the quest for the Orb.
     0 | D:1      | Reached XP level 1. HP: 19/19 MP: 0/0
    94 | D:1      | Reached skill level 4 in Axes
   127 | D:1      | Found a faded altar of an unknown god.
   138 | D:1      | Reached XP level 2. HP: 27/27 MP: 1/1
   345 | D:1      | Found Jiobb's Weapon Shoppe.
   354 | D:1      | Bought a +0 sling for 19 gold pieces
   504 | D:2      | Reached XP level 3. HP: 29/33 MP: 2/2
   585 | D:2      | Reached skill level 1 in Ranged Weapons
   646 | D:2      | Reached ** piety under Trog
   704 | D:2      | Reached skill level 5 in Axes
   704 | D:2      | Reached XP level 4. HP: 41/41 MP: 3/3
  1392 | D:3      | Reached XP level 5. HP: 47/47 MP: 4/4
  2136 | D:4      | Noticed an ogre
  2144 | D:4      | Killed an ogre
  2145 | D:4      | Reached skill level 5 in Fighting
  2145 | D:4      | Reached skill level 6 in Axes
  2145 | D:4      | Reached XP level 6. HP: 56/56 MP: 5/5
  2356 | D:4      | Identified the +0 helmet "Put-Me-On" {Str+2 Slay+5}
  2356 | D:4      | Noticed Robin
  2370 | D:4      | Killed Robin
  2938 | D:4      | Reached skill level 1 in Evocations
  3146 | D:4      | Reached XP level 7. HP: 61/61 MP: 6/6
  3219 | D:5      | Entered Level 5 of the Dungeon
  3291 | D:5      | Reached skill level 7 in Axes
  3521 | D:5      | Reached skill level 5 in Ranged Weapons
  3659 | D:5      | Reached XP level 8. HP: 46/70 MP: 4/7
  3756 | D:5      | Reached *** piety under Trog
  3757 | D:5      | Reached skill level 8 in Axes
  4577 | D:6      | Found a staircase to the Ecumenical Temple.
  5125 | D:6      | Reached skill level 9 in Axes
  5456 | D:7      | Reached XP level 9. HP: 74/74 MP: 8/8
  5816 | D:7      | Found a basalt altar of Yredelemnul.
  5828 | D:7      | Found an opulent altar of Gozag.
  5844 | D:7      | Found a hazy altar of Hepliaklqana.
  5882 | D:7      | Found a white marble altar of Elyvilon.
  6293 | D:8      | Reached skill level 10 in Axes
  6702 | D:8      | Noticed a two-headed ogre
  6710 | D:8      | Killed a two-headed ogre
  6711 | D:8      | Reached XP level 10. HP: 77/88 MP: 5/9
  7314 | D:9      | Reached skill level 5 in Armour
  7441 | D:9      | Found the +10 tower shield of Ignorance {rN+ Int-4}
  7447 | D:9      | Found a runed translucent door.
  7454 | D:9      | Noticed an orange crystal statue
  7468 | D:9      | Found a runed translucent door.
  7489 | D:9      | Noticed Amaemon
  7527 | D:9      | Noticed an orange demon
  7574 | D:9      | Killed Amaemon
  7575 | D:9      | Reached skill level 11 in Axes
  7581 | D:9      | Killed an orange demon
  7878 | D:9      | Reached skill level 5 in Evocations
  8037 | D:9      | Identified a scroll of acquirement
  8037 | D:9      | Acquired the +0 pair of boots of Yredelemnul's Delight
                  | {Contam rC+ Str+4 Dex+3}
  8092 | D:9      | Reached skill level 10 in Ranged Weapons
  8174 | D:9      | Noticed Maurice
  8175 | D:9      | Maurice changed into Maurice the ogre
  8175 | D:9      | Noticed Maurice
  8180 | D:9      | Killed Maurice the ogre
  8283 | D:9      | Noticed a sun demon
  8559 | D:9      | Reached skill level 12 in Axes
  8621 | D:10     | Entered Level 10 of the Dungeon
  8630 | D:10     | Found a transporter.
  8634 | D:10     | Noticed a moth of wrath
  8637 | D:10     | Found a bloodstained altar of Trog.
  8637 | D:10     | Noticed a two-headed ogre
  8637 | D:10     | Noticed Ghostmaker01's ghost (journeyman MiFi)
  8660 | D:10     | Noticed a two-headed ogre
  8670 | D:10     | Killed a two-headed ogre
  8671 | D:10     | Reached XP level 11. HP: 95/97 MP: 8/10
  8685 | D:10     | Noticed Snorg
  8696 | D:10     | Found a flagged portal.
  8703 | D:10     | Killed Snorg
  8707 | D:10     | Noticed a two-headed ogre
  8710 | D:10     | Killed a two-headed ogre
  8739 | Bailey   | Entered a bailey
  9031 | Bailey   | Reached **** piety under Trog
  9934 | D:10     | Noticed a four-headed hydra
  9941 | D:10     | Killed a four-headed hydra
  9952 | D:10     | Noticed a two-headed ogre
  9960 | D:10     | Killed a two-headed ogre
 10141 | D:10     | Noticed a two-headed ogre
 10146 | D:10     | Killed a two-headed ogre
 10183 | D:10     | Reached skill level 13 in Axes
 10238 | D:10     | Found a transporter.
 10241 | D:10     | Noticed a two-headed ogre
 10244 | D:10     | Noticed a tengu warrior
 10274 | D:10     | Noticed a two-headed ogre
 10289 | D:10     | Identified the +1 leather armour "Ticlem" {rPois Int-4
                  | Dex+3}
 10640 | D:11     | Found a burning altar of Makhleb.
 10715 | D:11     | Reached skill level 10 in Fighting
 10799 | D:11     | Noticed a two-headed ogre
 10802 | D:11     | Killed a two-headed ogre
 10803 | D:11     | Reached XP level 12. HP: 92/106 MP: 9/11
 10842 | D:11     | Noticed a two-headed ogre
 10849 | D:11     | Killed a two-headed ogre
 11000 | D:11     | Found a staircase to the Lair.
 11155 | D:11     | Noticed a balrug
 11327 | Lair:1   | Entered Level 1 of the Lair of Beasts
 11466 | Lair:1   | Reached skill level 14 in Axes
 11585 | Lair:1   | Found a snail-covered altar of Cheibriados.
 12657 | Lair:2   | Found a hole to the Spider Nest.
 12783 | Lair:2   | Found a basalt altar of Yredelemnul.
 13461 | Lair:2   | Reached XP level 13. HP: 56/116 MP: 12/12
 13528 | Lair:2   | Reached skill level 15 in Axes
 14809 | Lair:3   | Noticed Kirke
 14824 | Lair:3   | Killed Kirke
 14982 | Lair:3   | Noticed Rupert
 14997 | Lair:3   | Killed Rupert
 14998 | Lair:3   | Reached skill level 10 in Armour
 15357 | Lair:3   | Noticed Urug
 15367 | Lair:3   | Killed Urug
 15675 | Lair:3   | Found a staircase to the Swamp.
 15885 | Lair:4   | Reached skill level 16 in Axes
 16189 | Lair:4   | Identified the +1 scale mail of Kindness {rN+ Str+4 Dex-3}
 16756 | Lair:4   | Identified the ring "Sipt" {Fly Will- Dex+4 SInv}
 17153 | Lair:5   | Entered Level 5 of the Lair of Beasts
 18043 | Lair:5   | Reached XP level 14. HP: 126/126 MP: 13/13
 18241 | Lair:5   | Reached skill level 15 in Ranged Weapons
 19083 | Lair:5   | Reached skill level 17 in Axes
 19274 | Lair:5   | Identified the +7 short sword "Guzxuyqu" {heavy, +Blink
                  | rPois rC-}
 19417 | Lair:5   | Found a staircase to the Slime Pits.
 20216 | D:12     | Found a staircase to the Orcish Mines.
 20325 | Orc:1    | Entered Level 1 of the Orcish Mines
 20427 | Orc:1    | Found Byryan Cee's Assorted Antiques.
 20446 | Orc:1    | Bought a scroll of enchant armour for 202 gold pieces
 20446 | Orc:1    | Bought a glass ring for 135 gold pieces
 20813 | Orc:2    | Entered Level 2 of the Orcish Mines
 20813 | Orc:2    | Found a runed translucent gate.
 20813 | Orc:2    | Found a runed translucent gate.
 20813 | Orc:2    | Found a runed translucent gate.
 20834 | Orc:2    | Reached ***** piety under Trog
 21601 | Orc:2    | Noticed Beavis's ghost (journeyman DjCj)
 23907 | Orc:2    | Found Nacs's General Store.
 23910 | Orc:2    | Found Sann's Specific Store.
 24024 | Orc:2    | Found a staircase to the Elven Halls.
 24031 | Orc:2    | Found Onemea's Antique Armour Emporium.
 24129 | Orc:2    | Found Tunoan's Tempting Trifles.
 24140 | Orc:2    | Bought a +0 triple crossbow for 140 gold pieces
 24740 | Orc:2    | Found Seyk's Distillery.
 24748 | Orc:2    | Bought a potion of curing for 45 gold pieces
 24748 | Orc:2    | Bought a potion of lignification for 45 gold pieces
 24748 | Orc:2    | Bought a potion of mutation for 120 gold pieces
 24748 | Orc:2    | Bought a potion of haste for 150 gold pieces
 24761 | Orc:2    | Found a radiant altar of Vehumet.
 24875 | Orc:2    | Reached skill level 1 in Throwing
 24884 | Orc:2    | Found Cumon's Jewellery Boutique.
 25158 | Orc:2    | Noticed Nergalle
 25165 | Orc:2    | Killed Nergalle
 25173 | Orc:2    | Found an ancient bone altar of Kikubaaqudgha.
 25337 | Orc:2    | Found Ucvy's Antique Weapon Boutique.
 25342 | Orc:2    | Found Uryir's Book Shop.
 25524 | Orc:2    | Killed Beavis's ghost
 25700 | D:12     | Found Jatiad's Jewellery Shop.
 26062 | D:12     | Identified the +8 mace of the Distant Future {venom, rPois
                  | Dex+2}
 26442 | D:12     | Noticed a war gargoyle
 27223 | D:12     | Found the +5 glaive of the Guard {elec, spectral, AC+5}
 27439 | D:13     | Reached XP level 15. HP: 123/131 MP: 12/14
 27649 | D:13     | Acquired a manual of Throwing
 28739 | D:13     | Found a gate to the Vaults.
 28744 | D:13     | Reached skill level 18 in Axes
 29483 | D:14     | Reached skill level 5 in Throwing
 29728 | D:14     | Found a glowing silver altar of Zin.
 30273 | D:15     | Entered Level 15 of the Dungeon
 30526 | D:15     | Found a runed translucent gate.
 30527 | D:15     | Found a runed translucent gate.
 30528 | D:15     | Found a runed translucent gate.
 30532 | D:15     | Noticed a storm dragon
 30533 | D:15     | Noticed Ceh Rif's ghost (adept HuWn)
 30534 | D:15     | Noticed a fire giant
 30878 | D:15     | Paralysed by an ogre mage for 2 turns
 31406 | D:15     | Found a staircase to the Depths.
 31579 | D:15     | Killed a storm dragon
 31583 | D:15     | Killed a fire giant
 31584 | D:15     | Reached XP level 16. HP: 104/147 MP: 7/15
 31664 | D:15     | Killed Ceh Rif's ghost
 31881 | D:15     | Identified the +1 leather armour "Fediwk" {SInv Stlth+}
 31999 | D:10     | Killed Ghostmaker01's ghost
 32233 | D:9      | Lost intelligence.
 33243 | Slime:1  | Entered Level 1 of the Pits of Slime
 33253 | Slime:1  | Noticed an acid blob
 33259 | Slime:1  | Killed an acid blob
 33272 | Slime:1  | HP: 3/147 [drowned by a quicksilver ooze (9)]
 33272 | Slime:1  | Slain by a quicksilver ooze

Illustrated notes

Levels and vault maps discovered:
D:1:      dpeg_arrival_tiny_h, layout_rooms, ebering_ecumenical_altar_box,
          serial_shops, nicolae_shop_stone
D:2:      layout_loops_ring
D:3:      layout_loops_cross, nicolae_grassy_gnolls
D:4:      layout_loops_ring, serial_demonic, serial_demonic_e, serial_demonic_e,
          serial_demonic_c, serial_demonic_d, serial_demonic_g, uniq_robin
D:5:      layout_loops_ring, amethyst_killhole
D:6:      layout_basic, minmay_temple_entry_drinking_statues,
          serial_bayou_lagoon_a
D:7:      layout_cave_pools, nicolae_overflow_quartered_altars
D:8:      layout_loops_ring
D:9:      layout_roguey, chequers_guarded_unrand_ignorance, uniq_amaemon,
          uniq_maurice
D:10:     layout_rooms, enter_bailey_2, gammafunk_ghost_wrathful_warriors,
          uniq_snorg
D:11:     layout_basic, hellmonk_lair_entry_icy, makhleb_altar_promises_db
D:12:     minmay_guarded_unrand_guard, layout_irregular_city, david_orc_2,
          serial_shops, shop, kennysheep_generic_room_16
D:13:     layout_rooms, lightli_vaults_fourway_checkpoint,
          kennysheep_small_square
D:14:     layout_long_grid, serial_co_window_serial, co_window_paths_a,
          co_window_paths_a, co_window_paths_a, co_window_corner_a,
          co_window_paths_b, co_window_corner_b, co_window_corner_b,
          co_window_corner_b, glass_columns_b, glass_columns_b, zin_statuary
D:15:     grunt_enter_depths_hoard, layout_stronghold, gammafunk_ghost_split,
          hangedman_abyss_or_decor_slice
Lair:1:   layout_roguey, basic_altar, lemuel_fruit_tree, grunt_megastairs_1
Lair:2:   lemuel_reptile_caves, layout_gridlike, spider_nest_entry_a,
          basic_altar, infiniplex_staircase_pool_2
Lair:3:   layout_regular_city, palyth_hydra_swamp_entry, uniq_kirke, uniq_urug,
          uniq_rupert
Lair:4:   layout_regular_city, nicolae_lair_grove_arrangements
Lair:5:   minmay_lair_end_frog_pond, layout_gridlike, slime_entry_1
Slime:1:  layout_caves
Orc:1:    layout_caves, serial_shops, nicolae_shop_advertising_works
          [nicolae_subvault_shop_adworks]
Orc:2:    kennysheep_orc_mage_school, layout_diamond_mine, serial_shops,
          nicolae_shop_behind_doors, gammafunk_ghost_necromancy,
          nicolae_alphabet_shops, nicolae_specific_store

Skill      XL: |  1  2  3  4  5  6  7  8  9 10 11 12 13 14 15 16 |
---------------+-------------------------------------------------+-----
Axes           | 4 5 6 7 9 10 12 13 14 16 17 18 | 18.6
Fighting       | 4 5 6 7 9 10 11 12 13 14 | 14.5
Ranged Weapons | 1 2 3 4 5 7 8 10 11 13 14 16 17 | 17.7
Evocations     | 1 2 3 4 5 6 7 |  7.4
Armour         | 3 4 6 8 9 10 12 14 | 14.7
Throwing       | 2 6 7 |  7.5
Dodging        | |  2.2
Stealth        | |  0.1

Action                     |  1- 3 |  4- 6 |  7- 9 | 10-12 | 13-15 | 16-18 || total
---------------------------+-------+-------+-------+-------+-------+-------++-------
  Melee: Hand axe          |    80 |    84 |       |       |       |       ||   164
         Headbutt          |    10 |    12 |    31 |    79 |   130 |    25 ||   287
         Morningstar       |       |    19 |   127 |     8 |       |       ||   154
         Punch             |       |       |     3 |       |       |       ||     3
         War axe           |       |       |     2 |       |       |       ||     2
         Battleaxe         |       |       |    64 |   413 |   603 |   141 ||  1221
   Fire: Sling             |     4 |    66 |    26 |       |       |       ||    96
         Arbalest          |       |       |    22 |   153 |   185 |       ||   360
         Triple crossbow   |       |       |       |       |   187 |     2 ||   189
  Throw: Boomerang         |       |     3 |    10 |     3 |     6 |       ||    22
         Stone             |       |     3 |     3 |       |       |       ||     6
         Dart              |       |       |       |     1 |    41 |       ||    42
 Invoke: Berserk           |     3 |     6 |     8 |     9 |    16 |     4 ||    46
         Trog's Hand       |       |     3 |     2 |    18 |    33 |     4 ||    60
         Brothers in Arms  |       |       |       |       |     3 |       ||     3
  Evoke: Wand              |       |     4 |     1 |    13 |    33 |     2 ||    53
         Box of beasts     |       |       |       |       |     1 |     1 ||     2
         Tin of tremorston |       |       |       |       |     2 |     2 ||     4
    Use: Scroll            |     3 |     8 |     6 |    10 |    13 |       ||    40
         Potion            |       |       |       |     3 |    10 |     8 ||    21
   Stab: Distracted        |       |       |       |     1 |     1 |       ||     2
         Invisible         |       |       |       |       |     1 |       ||     1
 Armour: Plate armour      |    35 |   112 |    53 |       |       |       ||   200
         Animal skin       |     3 |       |       |       |       |       ||     3
         Crystal plate arm |       |       |    94 |   473 |   720 |   130 ||  1417
  Dodge: Dodged            |    44 |    43 |    66 |   167 |   272 |    63 ||   655

Table legend: (Time is in decaauts)
 A = Elapsed time spent in this place.
 B = Non-inter-level travel time spent in this place.
 C = Inter-level travel time spent in this place.
 D = Time resting spent in this place.
 E = Time spent auto-exploring this place.
 F = Levels seen in this place.
 G = Mean time per level.
                   A        B        C        D        E       F      G
               +--------+--------+--------+--------+--------+-----+--------+
         Total |  34491 |  33392 |   1099 |  14615 |  12460 |  24 | 1437.1 |
       Dungeon |  19162 |  18478 |    684 |   7049 |   7999 |  15 | 1277.5 |
          Lair |   8958 |   8581 |    377 |   3226 |   3895 |   5 | 1791.6 |
    Slime Pits |     32 |     31 |      1 |      0 |      0 |   1 |   32.0 |
  Orcish Mines |   5392 |   5355 |     37 |   3769 |    529 |   2 | 2696.0 |
        Bailey |    946 |    946 |      0 |    570 |     36 |   1 |  946.0 |
               +--------+--------+--------+--------+--------+-----+--------+

Top non-repeatable levels by time:
   Orc:2: 4286 daAuts
     D:9: 3135 daAuts
  Lair:5: 2156 daAuts
  Lair:2: 2056 daAuts
  Lair:4: 2049 daAuts
    D:11: 1692 daAuts
    D:13: 1645 daAuts
    D:15: 1613 daAuts
  Lair:3: 1540 daAuts
    D:12: 1391 daAuts
    D:14: 1340 daAuts
     D:4: 1187 daAuts
     D:5: 1168 daAuts
  Lair:1: 1155 daAuts
   Orc:1: 1105 daAuts
